PA
PROVO MANGO @ PUT-IN-BAY BC
07/11/2034
 
TOP OF THE 1ST
Provo Mango batting - Pitching for Put-In-Bay BC : RHP Jude Livesey
Pitching: RHP Jude Livesey
Batting: SHB Joe Chute 0-0: Ball
1-0: SOLO HOME RUN (Flyball, 9D), Distance : 396 ft
Batting: LHB Nicol van Gorp 0-0: Called Strike
0-1: Ball
1-1: SINGLE (Flyball, 9S)
Batting: RHB Alfonso Cabedo 0-0: Ball
1-0: Ball
Nicol van Gorp is caught stealing 2nd base
2-0: Ball
3-0: Base on Balls
Batting: LHB Frans Boone 0-0: Foul Ball, location: 2F
0-1: SINGLE (Groundball, 6MD)
Alfonso Cabedo to second
Runner from 2nd tries for 3rd, SAFE, no throw
Batting: RHB Alejandro Mingo 0-0: Fly out, F8 (Flyball, 8LM)
Runner from 3rd tags up, SCORES, no throw
Batting: RHB Tim Jordan 0-0: Called Strike
0-1: Ball
1-1: Ball
2-1: Foul Ball, location: 2F
2-2: Foul Ball, location: 2F
2-2: Foul Ball, location: 2F
2-2: Foul Ball, location: 2F
2-2: Ball
3-2: Foul Ball, location: 2F
3-2: SINGLE (Line Drive, 78S)
Frans Boone to second
Frans Boone to third
Batting: LHB Louis Tison 0-0: 3-RUN HOME RUN (Flyball, 89XD), Distance : 405 ft
Batting: RHB Juan Ibarra 0-0: Ball
1-0: Called Strike
1-1: Fly out, F6 (Line Drive, 56)
Top of the 1st over - 5 runs, 5 hits, 0 errors, 0 left on base; Provo 5 - Put-In-Bay 0
BOTTOM OF THE 1ST
Put-In-Bay BC batting - Pitching for Provo Mango : RHP Cipriano Pinto
Pitching: RHP Cipriano Pinto
Batting: RHB Álex Maroto 0-0: Ball
1-0: Ball
2-0: Called Strike
2-1: Foul Ball, location: 2F
2-2: Strikes out swinging
Batting: RHB Hyun-hi Choung 0-0: Swinging Strike
0-1: Ball
1-1: Foul Ball, location: 2F
1-2: Ground out 6-3 (Groundball, 6)
Batting: SHB Yushua Harith 0-0: Called Strike
0-1: Swinging Strike
0-2: Strikes out swinging
Bottom of the 1st over - 0 runs, 0 hits, 0 errors, 0 left on base; Provo 5 - Put-In-Bay 0
TOP OF THE 2ND
Provo Mango batting - Pitching for Put-In-Bay BC : RHP Jude Livesey
Batting: RHB Daniel Woods 0-0: Fly out, F6 (Line Drive, 6)
Batting: SHB Joe Chute 0-0: Ball
1-0: Swinging Strike
1-1: Swinging Strike
1-2: Strikes out swinging
Batting: LHB Nicol van Gorp 0-0: Fly out, F9 (Flyball, 9S)
Top of the 2nd over - 0 runs, 0 hits, 0 errors, 0 left on base; Provo 5 - Put-In-Bay 0
BOTTOM OF THE 2ND
Put-In-Bay BC batting - Pitching for Provo Mango : RHP Cipriano Pinto
Batting: LHB Louie Shufflebotham 0-0: Ball
1-0: Ball
2-0: Foul Ball, location: 2F
2-1: Ball
3-1: Base on Balls
Batting: RHB Roberto Reyes 0-0: Ball
1-0: SINGLE (Groundball, 5D)
Louie Shufflebotham to second
Batting: RHB Al Grant 0-0: Called Strike
0-1: Ground out 5-3 (Groundball, 56S)
Louie Shufflebotham to third
Roberto Reyes to second
Batting: RHB Scott Bray 0-0: Foul Ball, location: 2F
0-1: Fly out, F7 (Flyball, 7S)
Batting: RHB Tex Quesada 0-0: Ground out 6-3 (Groundball, 6M)
Bottom of the 2nd over - 0 runs, 1 hit, 0 errors, 2 left on base; Provo 5 - Put-In-Bay 0
TOP OF THE 3RD
Provo Mango batting - Pitching for Put-In-Bay BC : RHP Jude Livesey
Batting: RHB Alfonso Cabedo 0-0: Called Strike
0-1: SOLO HOME RUN (Flyball, 9D), Distance : 374 ft
Batting: LHB Frans Boone 0-0: Ball
1-0: Called Strike
1-1: Ball
2-1: Ball
3-1: SINGLE (Groundball, 4S) (infield hit)
Batting: RHB Alejandro Mingo 0-0: Ball
1-0: Ball
2-0: Foul Ball, location: 2F
2-1: Called Strike
2-2: Fly out, F8 (Flyball, 89D)
Batting: RHB Tim Jordan 0-0: Called Strike
Frans Boone is caught stealing 2nd base
0-1: Ball
1-1: Called Strike
1-2: Foul Ball, location: 2F
1-2: SINGLE (Groundball, 25) (infield hit)
Batting: LHB Louis Tison 0-0: Fly out, F8 (Line Drive, 8RM)
Top of the 3rd over - 1 run, 3 hits, 0 errors, 1 left on base; Provo 6 - Put-In-Bay 0
BOTTOM OF THE 3RD
Put-In-Bay BC batting - Pitching for Provo Mango : RHP Cipriano Pinto
Batting: LHB Ids Ulderink 0-0: Ground out 6-3 (Groundball, 6)
Batting: RHB Álex Maroto 0-0: Foul Ball, location: 2F
0-1: Foul Ball, location: 2F
0-2: Ball
1-2: Ball
2-2: Fly out, F7 (Flyball, 7LS)
Batting: RHB Hyun-hi Choung 0-0: Ball
1-0: Called Strike
1-1: Foul Ball, location: 2F
1-2: Ball
2-2: Foul Ball, location: 2F
2-2: SINGLE (Flyball, 8LS)
Batting: SHB Yushua Harith 0-0: Ball
1-0: Called Strike
Hyun-hi Choung steals 2nd base
1-1: Ground out U3 (Groundball, 3)
Bottom of the 3rd over - 0 runs, 1 hit, 0 errors, 1 left on base; Provo 6 - Put-In-Bay 0
TOP OF THE 4TH
Provo Mango batting - Pitching for Put-In-Bay BC : RHP Jude Livesey
Batting: RHB Juan Ibarra 0-0: Ball
1-0: Swinging Strike
1-1: Ball
2-1: Ball
3-1: Called Strike
3-2: Foul Ball, location: 2F
3-2: Strikes out swinging
Batting: RHB Daniel Woods 0-0: Ball
1-0: Swinging Strike
1-1: Foul Ball, location: 2F
1-2: Ball
2-2: Foul Ball, location: 2F
2-2: Ball
3-2: Strikes out looking
Batting: SHB Joe Chute 0-0: Ball
1-0: Called Strike
1-1: Foul Ball, location: 2F
1-2: Foul Ball, location: 2F
1-2: Ball
2-2: Ground out 5-3 (Groundball, 56)
Top of the 4th over - 0 runs, 0 hits, 0 errors, 0 left on base; Provo 6 - Put-In-Bay 0
BOTTOM OF THE 4TH
Put-In-Bay BC batting - Pitching for Provo Mango : RHP Cipriano Pinto
Batting: LHB Louie Shufflebotham 0-0: Foul Ball, location: 2F
0-1: Ball
1-1: Foul Ball, location: 2F
1-2: Strikes out swinging
Batting: RHB Roberto Reyes 0-0: SINGLE (Line Drive, 6MD)
Batting: RHB Al Grant 0-0: Ball
1-0: Foul Ball, location: 2F
1-1: Ball
2-1: Ball
3-1: Grounds into double play, 5-4-3 (Groundball, 5)
Bottom of the 4th over - 0 runs, 1 hit, 0 errors, 0 left on base; Provo 6 - Put-In-Bay 0
TOP OF THE 5TH
Provo Mango batting - Pitching for Put-In-Bay BC : RHP Jude Livesey
Batting: LHB Nicol van Gorp 0-0: Ball
1-0: Ball
2-0: Called Strike
2-1: Ball
3-1: Fly out, F7 (Flyball, 7LS)
Batting: RHB Alfonso Cabedo 0-0: Called Strike
0-1: Swinging Strike
0-2: Fly out, F8 (Flyball, 8LXD)
Batting: LHB Frans Boone 0-0: Fly out, F9 (Flyball, 9LMF)
Top of the 5th over - 0 runs, 0 hits, 0 errors, 0 left on base; Provo 6 - Put-In-Bay 0
BOTTOM OF THE 5TH
Put-In-Bay BC batting - Pitching for Provo Mango : RHP Cipriano Pinto
Batting: RHB Scott Bray 0-0: Ball
1-0: Foul Ball, location: 2F
1-1: Called Strike
1-2: DOUBLE (Flyball, 7LM)
Batting: RHB Tex Quesada 0-0: Called Strike
0-1: Ball
1-1: Ball
2-1: Foul Ball, location: 2F
2-2: Strikes out swinging
Batting: LHB Ids Ulderink 0-0: Called Strike
0-1: Ball
1-1: Ground out 5-3 (Groundball, 56)
Batting: RHB Álex Maroto 0-0: Swinging Strike
0-1: Ground out 6-3 (Groundball, 6)
Bottom of the 5th over - 0 runs, 1 hit, 0 errors, 1 left on base; Provo 6 - Put-In-Bay 0
TOP OF THE 6TH
Provo Mango batting - Pitching for Put-In-Bay BC : RHP Jude Livesey
Batting: RHB Alejandro Mingo 0-0: Ball
1-0: Called Strike
1-1: Foul Ball, location: 2F
1-2: Ball
2-2: Foul Ball, location: 2F
2-2: Strikes out swinging
Batting: RHB Tim Jordan 0-0: Called Strike
0-1: Foul Ball, location: 2F
0-2: Foul Ball, location: 2F
0-2: Foul Ball, location: 2F
0-2: Ball
1-2: Foul Ball, location: 2F
1-2: Strikes out looking
Batting: LHB Louis Tison 0-0: Swinging Strike
0-1: Called Strike
0-2: Strikes out swinging
Top of the 6th over - 0 runs, 0 hits, 0 errors, 0 left on base; Provo 6 - Put-In-Bay 0
BOTTOM OF THE 6TH
Put-In-Bay BC batting - Pitching for Provo Mango : RHP Cipriano Pinto
Batting: RHB Hyun-hi Choung 0-0: Ball
1-0: Ball
2-0: Foul Ball, location: 2F
2-1: Called Strike
2-2: SINGLE (Flyball, 89S)
Batting: SHB Yushua Harith 0-0: Foul Ball, location: 2F
0-1: Ball
1-1: Fly out, F9 (Line Drive, 89M)
Batting: LHB Louie Shufflebotham 0-0: Ball
1-0: Called Strike
1-1: Called Strike
1-2: Grounds into double play, 6-4-3 (Groundball, 6)
Bottom of the 6th over - 0 runs, 1 hit, 0 errors, 0 left on base; Provo 6 - Put-In-Bay 0
TOP OF THE 7TH
Provo Mango batting - Pitching for Put-In-Bay BC : RHP Jude Livesey
Batting: RHB Juan Ibarra 0-0: Ball
1-0: Ball
2-0: Ball
3-0: Called Strike
3-1: Called Strike
3-2: Foul Ball, location: 2F
3-2: Foul Ball, location: 2F
3-2: Foul Ball, location: 2F
3-2: Base on Balls
Batting: RHB Daniel Woods 0-0: Fly out, F8 (Line Drive, 78D)
Batting: SHB Joe Chute 0-0: Ball
1-0: Called Strike
1-1: Ball
2-1: Foul Ball, location: 2F
2-2: Ball
3-2: Ground out 5-3 (Groundball, 56S)
Juan Ibarra to second
Batting: LHB Nicol van Gorp 0-0: Ball
1-0: Ground out U3 (Groundball, 34)
Top of the 7th over - 0 runs, 0 hits, 0 errors, 1 left on base; Provo 6 - Put-In-Bay 0
BOTTOM OF THE 7TH
Put-In-Bay BC batting - Pitching for Provo Mango : RHP Cipriano Pinto
Batting: RHB Roberto Reyes 0-0: Foul Ball, location: 2F
0-1: Swinging Strike
0-2: Ball
1-2: Strikes out swinging
Batting: RHB Al Grant 0-0: Ball
1-0: Fly out, F7 (Flyball, 7LM)
Batting: RHB Scott Bray 0-0: Ball
1-0: SINGLE (Groundball, 56D)
Batting: RHB Tex Quesada 0-0: Ball
1-0: Ball
2-0: Ground out 1-3 (Groundball, 13S)
Bottom of the 7th over - 0 runs, 1 hit, 0 errors, 1 left on base; Provo 6 - Put-In-Bay 0
TOP OF THE 8TH
Provo Mango batting - Pitching for Put-In-Bay BC : RHP Jude Livesey
Batting: RHB Alfonso Cabedo 0-0: Swinging Strike
0-1: Ball
1-1: Ball
2-1: Fly out, F9 (Flyball, 9S)
Pitching: RHP Ivan Garayev
Batting: LHB Frans Boone 0-0: Swinging Strike
0-1: Ball
1-1: Swinging Strike
1-2: Ball
2-2: Strikes out swinging
Batting: RHB Alejandro Mingo 0-0: Ball
1-0: Foul Ball, location: 2F
1-1: SINGLE (Groundball, 56D)
Batting: RHB Tim Jordan 0-0: Ball
1-0: Ball
2-0: Ball
3-0: Base on Balls
Alejandro Mingo to second
Batting: LHB Louis Tison 0-0: Called Strike
0-1: Fly out, F2 (Popup, 2LF)
Top of the 8th over - 0 runs, 1 hit, 0 errors, 2 left on base; Provo 6 - Put-In-Bay 0
BOTTOM OF THE 8TH
Put-In-Bay BC batting - Pitching for Provo Mango : RHP Cipriano Pinto
Batting: LHB Ids Ulderink 0-0: Swinging Strike
0-1: Reached on error, E5 (Groundball, 5)
Batting: RHB Álex Maroto 0-0: Ball
1-0: Ball
2-0: Called Strike
2-1: Foul Ball, location: 2F
2-2: Strikes out swinging
Batting: RHB Hyun-hi Choung 0-0: Ball
1-0: Ball
2-0: Fielders Choice at 2nd, 4-6 (Groundball, 4M)
Batting: SHB Yushua Harith 0-0: Ball
1-0: Called Strike
1-1: Ball
2-1: Ball
3-1: Foul Ball, location: 2F
3-2: Ground out U3 (Groundball, 3)
Bottom of the 8th over - 0 runs, 0 hits, 1 error, 1 left on base; Provo 6 - Put-In-Bay 0
TOP OF THE 9TH
Provo Mango batting - Pitching for Put-In-Bay BC : RHP Ivan Garayev
Batting: RHB Juan Ibarra 0-0: Ground out U3 (Groundball, 23)
Batting: RHB Daniel Woods 0-0: Called Strike
0-1: Foul Ball, location: 2F
0-2: Foul Ball, location: 2F
0-2: Strikes out looking
Batting: SHB Joe Chute 0-0: Called Strike
0-1: Ball
1-1: Swinging Strike
1-2: Strikes out swinging
Top of the 9th over - 0 runs, 0 hits, 0 errors, 0 left on base; Provo 6 - Put-In-Bay 0
BOTTOM OF THE 9TH
Put-In-Bay BC batting - Pitching for Provo Mango : RHP Cipriano Pinto
Batting: LHB Louie Shufflebotham 0-0: Called Strike
0-1: Swinging Strike
0-2: Ball
1-2: Strikes out swinging
Batting: RHB Roberto Reyes 0-0: Swinging Strike
0-1: SOLO HOME RUN (Flyball, 7LD), Distance : 326 ft
Pitching: LHP Duaita Mallee
Batting: RHB Al Grant 0-0: Ball
1-0: Ball
2-0: Ball
3-0: Called Strike
3-1: Base on Balls
Batting: RHB Scott Bray 0-0: Ball
1-0: Grounds into double play, 4-6-3 (Groundball, 4)
Bottom of the 9th over - 1 run, 1 hit, 0 errors, 0 left on base; Provo 6 - Put-In-Bay 1
Friday, March 29th, 2019 - OOTP Baseball 18.8 Build 76